AoeStats
← mapia76_2

Arabia

509307047Analyzed
1v1 RM · 7d ago on Sep 26, 2026· 32m 57s· 2 players
Game mode
Random Map
Map size
Tiny (2 player)
Population
200
Speed
Normal
Resources
Standard
Victory
Conquest
Starting age
Dark Age
Ending age
Imperial Age
RankedLock teamsTeams togetherTeam positionsShared explorationLock speedFull tech treeHidden civsTurbo modeCheats
Victory
Defeat
🇮🇳 Dravidians · India
927
+15
🇩🇪 Goths · Germany
910
-42
mapia76_2
1:29 Loom
2:19 Loom
10:50 Feudal Age
12:19 Double-Bit Axe
12:16 Man-at-Arms
20:04 Horse Collar
20:38 Forging
20:29 Scale Mail Armor
24:58 Castle Age
23:25 Gold Mining
25:51 Bow Saw
25:44 Heavy Plow
25:37 Fletching
25:48 Padded Archer Armor
26:24 Stone Mining
26:32 Pikeman
28:10 Long Swordsman
28:37 Crossbowman
31:30 Squires
Markus_Wolf
8:22 Loom
11:56 Feudal Age
11:59 Man-at-Arms
12:36 Double-Bit Axe
12:34 Horse Collar
13:58 Scale Mail Armor
14:08 Forging
13:49 Town Watch
22:34 Castle Age
21:10 Gold Mining
21:11 Arson
23:06 Gambesons
22:42 Long Swordsman
23:25 Squires
24:39 Chain Mail Armor
24:59 Iron Casting
24:37 Bow Saw
24:29 Heavy Plow
28:01 Iron Casting
29:40 Wheelbarrow
Connection lost

Rejoining the realm…

Still unreachable

The connection could not be restored.

Session expired

The server has moved on; the page needs a fresh start.